 Dungeon Crawl Stone Soup version 0.17.0-15-g6d90897 (webtiles) character file.

3164 dysrexia the Grappler (level 9, -1/76 HPs)
             Began as a Troll Earth Elementalist on Nov 10, 2015.
             Was a Priest of Cheibriados.
             Killed from afar by a manticore (14 damage)
             ... with a volley of spikes
             ... on level 7 of the Dungeon.
             The game lasted 00:26:16 (6460 turns).

dysrexia the Grappler (Troll Earth Elementalist)    Turns: 6460, Time: 00:26:16

Health: -1/76      AC:  7    Str: 26    XL:     9   Next: 63%
Magic:  9/9        EV: 11    Int: 19    God:    Cheibriados [***...]
Gold:   307        SH:  0    Dex: 21    Spells: 1 memorised, 8 levels left

rFire  . . .     SeeInvis .       - Unarmed
rCold  . . .     Clarity  .     b - +0 robe
rNeg   . . .     SustAt   .     (no shield)
rPois  +         Gourm    +     g - +1 hat
rElec  .         Spirit   .     p - +0 cloak
rCorr  .         Warding  .     (gloves unavailable)
rMut   .         Stasis   .     (boots unavailable)
MR     .....                    D - amulet of regeneration
Stlth  ++........               (no ring)
                                f - ring of poison resistance

@: manticore barbs, very slightly contaminated, very slow, not resistant to
hostile enchantments, unstealthy
A: unfitting armour, claws 3, fast metabolism 3, gourmand, mutation resistance
1, sense surroundings 1, regeneration 2, shaggy fur 1, tough skin 2
a: Bend Time, Temporal Distortion, Renounce Religion


You were on level 7 of the Dungeon.
You worshipped Cheibriados.
Cheibriados was most pleased with you.
You were full.

You visited 2 branches of the dungeon, and saw 8 of its levels.

You collected 307 gold pieces.

Inventory:

Hand Weapons
 s - a +2 hand axe of flaming
 w - a +0 giant spiked club
Missiles
 a - 234 stones (quivered)
 H - 17 poisoned needles
Armour
 b - a +0 robe (worn)
 g - a +1 hat (worn)
 p - a +0 cloak (worn)
Jewellery
 f - a ring of poison resistance (left claw)
 B - an uncursed amulet of resist corrosion
 D - an amulet of regeneration (around neck)
 J - an uncursed ring of ice {unknown}
Wands
 m - a wand of magic darts (28)
 t - a wand of digging (13)
 G - a wand of digging (6)
Scrolls
 u - 5 scrolls of identify
 A - 3 scrolls of amnesia
 C - 3 scrolls of remove curse
 F - a scroll of magic mapping
 L - a scroll of immolation {unknown}
Potions
 e - a potion of agility
 i - a potion of might
 o - 3 potions of curing
 q - 3 potions of mutation
 r - 5 potions of magic
Books
 c - a book of Geomancy

   Spells                             Type                      Level
   a - Sandblast                      Earth                        1
   b - Stoneskin                      Transmutation/Earth          2
   c - Passwall                       Transmutation/Earth          3
   d - Stone Arrow                    Conjuration/Earth            3
   e - Petrify                        Transmutation/Earth          4
   f - Lee's Rapid Deconstruction     Earth                        5
 j - a book of Ice

   Spells                             Type                      Level
   a - Ice Form                       Ice/Transmutation            4
   b - Metabolic Englaciation         Hexes/Ice                    5
   c - Ozocubu's Refrigeration        Ice                          6
   d - Bolt of Cold                   Conjuration/Ice              6
   e - Freezing Cloud                 Conjuration/Ice/Air          6
   f - Simulacrum                     Ice/Necromancy               6
 n - a book of Maledictions

   Spells                             Type                      Level
   a - Corona                         Hexes                        1
   b - Ensorcelled Hibernation        Hexes/Ice                    2
   c - Confuse                        Hexes                        3
   d - Tukima's Dance                 Hexes                        3
   e - Dazzling Spray                 Conjuration/Hexes            3
 y - a book of Minor Magic

   Spells                             Type                      Level
   a - Magic Dart                     Conjuration                  1
   b - Blink                          Translocation                2
   c - Call Imp                       Summoning                    2
   d - Repel Missiles                 Charms/Air                   2
   e - Slow                           Hexes                        2
   f - Conjure Flame                  Conjuration/Fire             3
   g - Mephitic Cloud                 Conjuration/Poison/Air       3
 E - a book of Flames

   Spells                             Type                      Level
   a - Flame Tongue                   Conjuration/Fire             1
   b - Throw Flame                    Conjuration/Fire             2
   c - Conjure Flame                  Conjuration/Fire             3
   d - Inner Flame                    Hexes/Fire                   3
   e - Sticky Flame                   Conjuration/Fire             4
   f - Fireball                       Conjuration/Fire             5
Comestibles
 d - 7 bread rations
 h - 3 royal jellies
 k - 2 slices of pizza
 x - 3 meat rations
 I - 6 fruits
 K - a chunk of flesh


   Skills:
 + Level 1.1 Fighting
 + Level 2.1 Dodging
 - Level 1.1 Stealth
 - Level 11.0 Unarmed Combat
 - Level 1.2 Spellcasting
 - Level 3.0 Transmutations
 - Level 6.0 Earth Magic


You had 8 spell levels left.
You knew the following spells:

 Your Spells              Type           Power        Failure   Level  Hunger
b - Stoneskin             Trmt/Erth      ###.....     6%          2    ###....


Dungeon Overview and Level Annotations

Branches:
Dungeon (7/15)             Temple (1/1) D:4

Altars:
Cheibriados
Dithmenos
Elyvilon
Fedhas
Gozag
Kikubaaqudgha
Makhleb
Nemelex Xobeh
Okawaru
Qazlal
Ru
Sif Muna
Trog
Vehumet
Xom
Yredelemnul
Zin
The Shining One

Shops:
D:4 :   D:5 %


Innate Abilities, Weirdness & Mutations

You are too large for most types of armour.
You have claws for hands.
Your metabolism is lightning-fast.
You like to eat raw meat.
You heal very quickly.
You are covered in fur (AC +1).
You have very tough skin (AC +2).
You are somewhat resistant to further mutation.
You passively map a small area around you.


Message History

The manticore bites you!
* * * LOW HITPOINT WARNING * * *
The manticore barely misses you. The manticore claws you!
* * * LOW HITPOINT WARNING * * *
The centaur zombie barely misses you.
Drink which item? (? for menu, Esc to quit)
Okay, then.
Read which item? (? for menu, Esc to quit)
Blink to where?
Press: ? - help, Dir - move target cursor You are very lightly contaminated with residual magic.
As you read the scroll of blinking, it crumbles to dust.
Read which item? (? for menu, Esc to quit)
As you read the scroll of fear, it crumbles to dust.
You assume a fearsome visage.
The manticore looks frightened!
Cornered, the manticore turns to fight!
The manticore flicks its tail.
The volley of spikes hits you!
The barbed spikes become lodged in your body.
You die...

.......................##......#
################.#.###.##......#
...............................#
######################.######..#
.....#.....#.....#(()#.######..#
.....#.)...#.....#.[.#.........#
..#..#.)#).#..#..#$Z$#......)..#
..#..#).#..#..#..###H#.........#♣
..#..(..#.....#.@....#...........
..#.....#.....#......#...........
..####################...........
................................#
.......(........(...............#
..####################...........
..#.....#.....#, ,#...##..##..
..#.....#.....# ,,#...........
..#..#..#..#..# , +#...........


You could see a manticore.

Vanquished Creatures
  Joseph (D:7)
  Prince Ribbit (D:7)
  Duvessa (D:7)
  7 ogres
  An ice beast (D:7)
  3 centaurs
  2 giant frogs (D:7)
  Dowan (D:7)
  A scorpion (D:6)
  The ghost of emiel the Ruffian, a weakling DDTm (D:3)
  3 wights (D:6)
  4 crimson imps
  2 quasits
  A centaur zombie (D:5)
  A jelly (D:6)
  A giant frog zombie (D:5)
  6 hounds
  5 orc priests
  An iguana (D:7)
  6 orc wizards
  5 worker ants
  A hound zombie (D:7)
  A hound skeleton (D:4)
  A worker ant zombie (D:7)
  11 adders
  A gnoll (D:7)
  A shadow imp (D:5)
  An ooze (D:4)
  A worm (D:2)
  19 orcs
  10 bats
  12 hobgoblins
  12 jackals
  7 kobolds
  4 quokkas
  2 ball pythons
  6 giant cockroaches
  A giant cockroach zombie (D:5)
  2 giant geckos
  5 giant newts
  12 goblins
  2 quokka skeletons
  8 rats
174 creatures vanquished.

Notes
Turn   | Place    | Note
--------------------------------------------------------------
     0 | D:1      | dysrexia the Troll Earth Elementalist began the quest for the Orb.
     0 | D:1      | Reached XP level 1. HP: 16/16 MP: 1/1
    57 | D:1      | Reached skill level 1 in Unarmed Combat
   120 | D:1      | Reached XP level 2. HP: 24/24 MP: 2/2
   570 | D:1      | Reached skill level 3 in Earth Magic
   575 | D:1      | Learned a level 2 spell: Stoneskin
   740 | D:2      | Reached XP level 3. HP: 31/31 MP: 3/3
   879 | D:2      | Reached skill level 1 in Transmutations
  1026 | D:2      | Reached XP level 4. HP: 39/39 MP: 4/4
  2068 | D:3      | Found a bloodstained altar of Trog.
  2071 | D:3      | Found a burning altar of Makhleb.
  2074 | D:3      | Found a shadowy altar of Dithmenos.
  2215 | D:3      | Noticed emiel's ghost (weakling DDTm)
  2226 | D:3      | Killed emiel's ghost
  2226 | D:3      | Reached XP level 5. HP: 25/45 MP: 5/5
  2837 | D:4      | Reached skill level 4 in Unarmed Combat
  3020 | D:4      | Reached XP level 6. HP: 50/53 MP: 6/6
  3031 | D:4      | Noticed an ogre
  3082 | D:4      | Killed an ogre
  3154 | D:4      | Found Xaehur Vucu's Book Emporium.
  3177 | D:4      | Noticed an ogre
  3187 | D:4      | Killed an ogre
  3187 | D:4      | Reached skill level 5 in Unarmed Combat
  3190 | D:4      | Noticed an ogre
  3207 | D:4      | Killed an ogre
  3207 | D:4      | Reached XP level 7. HP: 30/59 MP: 7/7
  3288 | D:4      | Found a staircase to the Ecumenical Temple.
  3302 | Temple   | Entered the Ecumenical Temple
  3342 | Temple   | Became a worshipper of Cheibriados the Contemplative
  3407 | D:4      | Found an iron altar of Okawaru.
  3649 | D:5      | Entered Level 5 of the Dungeon
  4021 | D:5      | Reached skill level 6 in Unarmed Combat
  4102 | D:5      | Reached * piety under Cheibriados
  4209 | D:5      | Reached skill level 5 in Earth Magic
  4334 | D:5      | Reached XP level 8. HP: 61/67 MP: 8/8
  4346 | D:5      | Found Nisich's Food Boutique.
  4737 | D:6      | Gained mutation: You passively map a small area around you. [potion of mutation]
  4737 | D:6      | Gained mutation: You are somewhat resistant to further mutation. [potion of mutation]
  4813 | D:6      | Reached skill level 7 in Unarmed Combat
  5044 | D:6      | Reached ** piety under Cheibriados
  5343 | D:6      | Reached skill level 8 in Unarmed Combat
  5504 | D:7      | Noticed Duvessa
  5506 | D:7      | Noticed Dowan
  5523 | D:7      | Killed Duvessa
  5533 | D:7      | Killed Dowan
  5533 | D:7      | Reached skill level 9 in Unarmed Combat
  5603 | D:7      | Reached XP level 9. HP: 26/74 MP: 9/9
  5690 | D:7      | Noticed Joseph
  5750 | D:7      | Noticed Prince Ribbit
  5778 | D:7      | Reached *** piety under Cheibriados
  5803 | D:7      | Killed Prince Ribbit
  5803 | D:7      | Reached skill level 10 in Unarmed Combat
  5890 | D:7      | Found a sacrificial altar of Ru.
  6307 | D:7      | Killed Joseph
  6323 | D:7      | Found a blossoming altar of Fedhas.
  6407 | D:7      | Reached skill level 11 in Unarmed Combat
  6427 | D:7      | Reached skill level 1 in Fighting
  6452 | D:7      | Noticed a manticore
  6460 | D:7      | Killed from afar by a manticore

Action                   |  1- 3 |  4- 6 |  7- 9 || total
-------------------------+-------+-------+-------++-------
Melee: Unarmed           |   113 |   174 |   333 ||   620
Throw: Stone             |     2 |     1 |    62 ||    65
  Use: Scroll            |     3 |     3 |    13 ||    19
       Potion            |       |       |     3 ||     3
 Stab: Sleeping          |     1 |     2 |     2 ||     5
  Eat: Chunk             |    15 |    20 |    21 ||    56
